 Dungeon Crawl Stone Soup version 0.23-a0-136-g722f094 (webtiles) character file.

9738 Kuinu the Fighter (level 11, -6/157 HPs)
             Began as a Black Draconian Berserker on Aug 28, 2018.
             Was an Elder of Trog.
             Mangled by a death yak (11 damage)
             ... on level 11 of the Dungeon.
             The game lasted 00:25:27 (10288 turns).

Kuinu the Fighter (Black Draconian Berserker)      Turns: 10288, Time: 00:25:28

Health: -6/157     AC: 12    Str: 24    XL:     11   Next: 27%
Magic:  11/11      EV: 17    Int:  8    God:    Trog [****..]
Gold:   425        SH:  0    Dex: 14    Spells: 10/10 levels left

rFire    + . .     SeeInvis .   R - +1 falchion (elec)
rCold    . . .     Gourm    +   (no shield)
rNeg     . . .     Faith    .   (armour unavailable)
rPois    .         Spirit   .   u - +2 hat
rElec    +         Reflect  .   h - +0 cloak
rCorr    .         Harm     .   (no gloves)
MR       ++...                  p - +1 pair of boots
Stlth    ..........             n - amulet of the gourmand
HPRegen  1.36/turn              P - ring of protection from fire
MPRegen  0.12/turn              I - +4 ring of slaying

@: berserking, regenerating, studying Invocations, very quick
A: breathe lightning, unfitting armour, electricity resistance, cold-blooded, AC
+7
a: Breathe Lightning, Berserk, Trog's Hand, Brothers in Arms, Renounce Religion


You were on level 11 of the Dungeon.
You worshipped Trog.
Trog was greatly pleased with you.
You were very full.

You visited 1 branch of the dungeon, and saw 11 of its levels.

You collected 845 gold pieces.
You spent 420 gold pieces at shops.

Inventory:

Hand Weapons
 a - a +1 falchion
 F - a +0 long sword
 Q - a +2 spear of piercing
 R - a +1 falchion of electrocution (weapon)
 U - a +0 long sword
 W - a +0 scimitar
Armour
 h - a +0 cloak (worn)
 p - a +1 pair of boots (worn)
 u - a +2 hat (worn)
Jewellery
 n - an amulet of the gourmand (around neck)
 s - an uncursed ring of fire
 w - an uncursed ring of stealth
 G - an uncursed amulet of magic regeneration
 I - a +4 ring of slaying (right hand)
 J - an uncursed ring of resist corrosion
 L - an uncursed amulet of rage
 P - a ring of protection from fire (left hand)
Wands
 t - a wand of iceblast (23)
 z - a wand of flame (15)
 C - a wand of acid (11)
 X - a wand of random effects (21)
Scrolls
 c - 3 scrolls of enchant weapon
 d - 2 scrolls of magic mapping
 g - 4 scrolls of fog
 i - a scroll of immolation {unknown}
 j - a scroll of blinking
 v - a scroll of random uselessness
 x - 6 scrolls of teleportation
 y - a scroll of holy word {unknown}
 A - 2 scrolls of amnesia
 E - 2 scrolls of fear
 H - a scroll of enchant armour
 K - 2 scrolls of remove curse
 Y - a scroll of identify
Potions
 e - 4 potions of curing
 f - 2 potions of invisibility
 k - 3 potions of might
 l - 4 potions of flight
 m - 5 potions of cancellation
 o - 3 potions of agility
 q - a potion of resistance
 r - a potion of haste {unknown}
 B - a potion of magic {unknown}
 D - a potion of ambrosia {unknown}
 M - a potion of degeneration
 N - a potion of mutation
 O - a potion of berserk rage
Books
 S - a manual of Invocations
Miscellaneous
 T - a lamp of fire
 V - a crystal ball of energy
Comestibles
 b - 15 rations


   Skills:
 * Level 12.4 Fighting
 * Level 11.5 Long Blades
 + Level 7.8 Dodging


You had 10 spell levels left.
You didn't know any spells.
Your spell library was empty.

Dungeon Overview and Level Annotations

Branches:
Dungeon (11/15)            Temple (0/1) D:4
   Lair: D:8-11         Orc: D:9-12

Altars:
Ashenzari
Dithmenos
Elyvilon
Fedhas
Makhleb
Nemelex Xobeh
Qazlal
Sif Muna
Trog
Uskayaw
Vehumet
Wu Jian
Zin

Shops:
D:10 =

Annotations:
D:8 2 runed doors, galech's ghost, novice MiFi


Innate Abilities, Weirdness & Mutations

You can breathe wild blasts of lightning.
Your glossy black scales are hard. (AC +7)
You cannot fit into any form of body armour.
You are resistant to electric shocks. (rElec)
You are cold-blooded and may be slowed by cold attacks.


Message History

The death yak is heavily wounded.
You slash the death yak!
Lightning courses through the death yak!
You tail-slap the death yak!
The death yak is almost dead.
The death yak misses you.
You slash the death yak!
Lightning courses through the death yak!
You feel the power of Trog in you as your rage grows.
You kill the death yak!
Trog accepts your kill.
You barely miss the death yak.
The death yak is heavily wounded.
The death yak gores you!
* * * LOW HITPOINT WARNING * * *
The bullfrog barely misses you.
You hit the death yak. You tail-slap the death yak.
The death yak is severely wounded.
The death yak gores you!
You die...

#..?# ##...# ....#
...## ... ##.##
##...## ######
#FYY÷.###≈≈≈≈####
#≈@8..##.....≈≈≈##
#≈≈...#.)..#...≈≈#
##≈≈≈....[##..8.≈#
####≈≈≈≈###..[..#
#.######.##...##
#. #..#......##.##
#. #..#.##.......#
#. #..#.##..#...##
#.# #..#.##..#####


You could see 2 death yaks and a bullfrog.

Vanquished Creatures
  A two-headed ogre (D:9)
  A death yak (D:11)
  A wizard (D:9)
  A manticore (D:9)
  A deep elf mage (D:9)
  A troll (D:8)
  A hornet (D:10)
  A hippogriff (D:11)
  A slime creature (D:9)
  A wyvern (D:9)
  A wraith (D:9)
  2 steam dragons (D:11)
  3 soldier ants (D:10)
  2 porcupines (D:11)
  2 black bears
  2 ice beasts
  2 sky beasts
  6 orc warriors
  3 phantoms
  5 ogres
  4 centaurs
  A crocodile (D:10)
  9 bullfrogs
  4 scorpions
  4 killer bees (D:9)
  6 howler monkeys
  A crimson imp (D:10)
  4 hounds
  A bullfrog zombie (D:6)
  5 orc priests
  3 jellies
  Jessica (D:2)
  A bullfrog skeleton (D:6)
  Ijyb (D:3)
  Terence (D:2)
  7 iguanas
  8 orc wizards
  A hell rat (D:11)
  9 worker ants
  A hound zombie (D:7)
  A hound skeleton (D:3)
  3 gnolls (D:5)
  A howler monkey skeleton (D:10)
  9 adders
  3 shadow imps
  2 oozes
  3 adder skeletons
  2 adder zombies
  A worm (D:2)
  3 dart slugs
  4 leopard geckos
  38 orcs
  2 ball pythons
  6 bats
  7 giant cockroaches
  6 goblins
  4 hobgoblins
  29 jackals
  11 kobolds
  4 quokkas
  5 frilled lizards
  A leopard gecko zombie (D:6)
  A quokka zombie (D:6)
  9 rats
265 creatures vanquished.

Vanquished Creatures (collateral kills)
  A two-headed ogre (D:9)
  A phantom (D:9)
  A centaur (D:9)
  An adder (D:9)
4 creatures vanquished.

Grand Total: 269 creatures vanquished

Notes
Turn   | Place    | Note
-------+----------+-------------------------------------------
     0 | D:1      | Kuinu the Draconian Berserker began the quest for the Orb.
     0 | D:1      | Reached XP level 1. HP: 19/19 MP: 1/1
    74 | D:1      | Reached XP level 2. HP: 14/26 MP: 2/2
   373 | D:1      | Reached ** piety under Trog
   424 | D:1      | Reached XP level 3. HP: 27/33 MP: 3/3
   547 | D:1      | Reached skill level 4 in Fighting
   683 | D:2      | Noticed Terence
   696 | D:2      | Killed Terence
   696 | D:2      | Reached XP level 4. HP: 31/40 MP: 4/4
   724 | D:2      | Noticed an orc warrior
   734 | D:2      | Killed an orc warrior
   734 | D:2      | Reached XP level 5. HP: 13/47 MP: 5/5
  1098 | D:2      | Found a white marble altar of Elyvilon.
  1320 | D:2      | Reached skill level 5 in Fighting
  1323 | D:2      | Noticed Jessica
  1349 | D:2      | Killed Jessica
  1373 | D:2      | HP: 2/48 [poisoned by Jessica]
  1378 | D:2      | HP: 1/48 [poisoned by Jessica]
  1848 | D:2      | You fall through a shaft for 2 floors!
  1875 | D:4      | Reached skill level 5 in Long Blades
  1875 | D:4      | Reached XP level 6. HP: 31/56 MP: 6/6
  2801 | D:4      | Found a staircase to the Ecumenical Temple.
  2829 | D:4      | Reached skill level 6 in Fighting
  2840 | D:4      | Reached *** piety under Trog
  2890 | D:4      | Your scales start taking on a glossy black colour.
  2890 | D:4      | Reached XP level 7. HP: 35/63 MP: 7/7
  2890 | D:4      | Gained mutation: You are resistant to electric shocks.
                  | (rElec) [Black Draconian growth]
  3703 | D:3      | Noticed Ijyb
  3714 | D:3      | Killed Ijyb
  4728 | D:5      | Entered Level 5 of the Dungeon
  4741 | D:5      | Reached skill level 7 in Fighting
  5005 | D:5      | Reached XP level 8. HP: 73/73 MP: 8/8
  5105 | D:5      | Reached skill level 5 in Dodging
  5256 | D:5      | Found a transporter.
  5269 | D:5      | Found a transporter.
  5658 | D:6      | Reached skill level 8 in Fighting
  5824 | D:6      | Found an ornate altar of the Wu Jian Council.
  5857 | D:6      | Found a sparkling altar of Nemelex Xobeh.
  5909 | D:6      | Reached XP level 9. HP: 82/82 MP: 9/9
  5921 | D:6      | Reached **** piety under Trog
  5926 | D:6      | Reached skill level 9 in Fighting
  6343 | D:6      | Found a white marble altar of Elyvilon.
  6344 | D:6      | Found a shadowy altar of Dithmenos.
  6345 | D:6      | Found a hide-covered altar of Uskayaw.
  6345 | D:6      | Found a shattered altar of Ashenzari.
  6345 | D:6      | Found a radiant altar of Vehumet.
  6346 | D:6      | Found a burning altar of Makhleb.
  6347 | D:6      | Found a stormy altar of Qazlal.
  6348 | D:6      | Found a glowing silver altar of Zin.
  6925 | D:7      | Identified the Incunabulum of Dusty Flames
  7054 | D:7      | Found a blossoming altar of Fedhas.
  7327 | D:8      | Found a large runed door.
  7328 | D:8      | Found a large runed door.
  7338 | D:8      | Noticed galech's ghost (novice MiFi)
  7350 | D:8      | Noticed a troll
  7359 | D:8      | Killed a troll
  7424 | D:8      | Reached skill level 10 in Fighting
  8349 | D:9      | Noticed a two-headed ogre
  8357 | D:9      | Killed a two-headed ogre
  8357 | D:9      | Reached XP level 10. HP: 94/94 MP: 10/10
  8375 | D:9      | Noticed a two-headed ogre
  8382 | D:9      | Killed a two-headed ogre
  8407 | D:9      | Reached skill level 10 in Long Blades
  8647 | D:9      | Reached skill level 11 in Fighting
  8708 | D:9      | Noticed a deep elf mage
  8717 | D:9      | Killed a deep elf mage
  8755 | D:9      | Noticed a wizard
  8769 | D:9      | Killed a wizard
  8784 | D:9      | Identified the Papyrus of Intoxication and Earth
  8833 | D:9      | Noticed a manticore
  8841 | D:9      | Killed a manticore
  8969 | D:9      | Found a bloodstained altar of Trog.
  9174 | D:10     | Entered Level 10 of the Dungeon
  9321 | D:10     | Reached skill level 12 in Fighting
  9392 | D:10     | Reached XP level 11. HP: 104/104 MP: 11/11
  9495 | D:10     | Found Xalad's Jewellery Shoppe.
  9503 | D:10     | Bought an uncursed amulet of the gourmand for 420 gold
                  | pieces
  9946 | D:11     | Found a deep blue altar of Sif Muna.
 10266 | D:11     | Noticed a death yak
 10266 | D:11     | Noticed a death yak
 10271 | D:11     | Noticed a death yak
 10286 | D:11     | Killed a death yak
 10287 | D:11     | HP: 4/157 [death yak (16)]
 10288 | D:11     | Mangled by a death yak

Vault maps used:
D:1:      onia_arrival_pyramid, hangedman_decor_push
D:2:      elyvilon_altar_1, uniq_jessica, uniq_terence
D:3:      uniq_ijyb
D:4:      kennysheep_spiral_hall, minmay_temple_entry_statues_fountains,
          first_ration
D:5:      gammafunk_wand_slinger
D:6:      minitemple, nicolae_overflow_hidden_temple
D:7:      kennysheep_little_box
D:8:      ebering_ghost_disaster_area
D:9:      minmay_the_grid_triangle_9x9_rhombus_thin_mashed,
          lightli_temple_of_fire
D:10:     serial_shops, shop, hangedman_pestilent_swarm
D:11:     cheibrodos_steamvent, dpeg_lair_monsters, serial_shops, shop,
          lemuel_statue_altar

Skill      XL: |  1  2  3  4  5  6  7  8  9 10 |
---------------+-------------------------------+-----
Dodging        | 3 4 5 6 7 |  7.8
Fighting       | 4 5 6 7 8 10 12 | 12.4
Long Blades    | 4 5 6 8 9 11 | 11.5

Action                   |  1- 3 |  4- 6 |  7- 9 | 10-12 || total
-------------------------+-------+-------+-------+-------++-------
Melee: Falchion          |    88 |   173 |   210 |   102 ||   573
       Tailslap          |    11 |    20 |    62 |    48 ||   141
       Long sword        |       |       |   166 |   114 ||   280
Invok: Berserk           |       |     3 |     9 |     4 ||    16
       Trog's Hand       |       |     2 |     9 |     6 ||    17
       Brothers in Arms  |       |       |       |     1 ||     1
 Abil: Breathe Lightning |       |       |     6 |     1 ||     7
  Use: Scroll            |       |     8 |     2 |    11 ||    21
 Stab: Sleeping          |       |       |     5 |       ||     5
  Eat: Chunk             |       |    11 |    22 |    21 ||    54
       Ration            |       |       |     2 |       ||     2
Armor: Skin              |    33 |    46 |   127 |    67 ||   273
Dodge: Dodged            |    70 |   127 |   305 |   156 ||   658
       Rpst.: Falchion   |    24 |    36 |    37 |    18 ||   115
       Long sword        |       |       |    34 |    17 ||    51

Table legend:
 A = Non-vault XP
 B = Vault XP
 C = Vault XP percentage of total XP
 D = Non-vault monster count
 E = Vault monster count
 F = Vault count percentage of total count
                 A         B        C        D         E       F
            +---------+---------+-------+---------+---------+-------
      Total |    7703 |    6209 |  44.6 |     233 |      36 |  13.4
            +---------+---------+-------+---------+---------+-------
        D:1 |      62 |       0 |   0.0 |      35 |       0 |   0.0
        D:2 |     209 |      73 |  25.9 |      30 |       2 |   6.2
        D:3 |      81 |      36 |  30.8 |      23 |       1 |   4.2
        D:4 |     642 |     117 |  15.4 |      31 |       3 |   8.8
        D:5 |     739 |       0 |   0.0 |      18 |       0 |   0.0
        D:6 |    1344 |       0 |   0.0 |      30 |       0 |   0.0
        D:7 |     829 |       0 |   0.0 |      20 |       0 |   0.0
        D:8 |     389 |       0 |   0.0 |       5 |       0 |   0.0
        D:9 |    2021 |    3778 |  65.1 |      20 |      20 |  50.0
       D:10 |     804 |     635 |  44.1 |      12 |       4 |  25.0
       D:11 |     583 |    1570 |  72.9 |       9 |       6 |  40.0
            +---------+---------+-------+---------+---------+-------
